 Dungeon Crawl Stone Soup version 0.20-a0-264-gaba7314 (webtiles) character file.

372 Drak the Cutter (level 7, -1/36 HPs)
             Began as a Kobold Enchanter on Nov 26, 2016.
             Slain by a hobgoblin
             ... wielding a +0 club
              (3 damage)
             ... on level 2 of the Dungeon on Dec 5, 2016.
             The game lasted 00:11:35 (3914 turns).

Drak the Cutter (Kobold Enchanter)                  Turns: 3914, Time: 00:11:35

Health: -1/36      AC:  5    Str:  8    XL:     7   Next: 2%
Magic:  10/10      EV: 15    Int: 21    God:
Gold:   79         SH:  0    Dex: 15    Spells: 7/10 levels left

rFire  . . .     SeeInvis .     g - +1 dagger (venom)
rCold  . . .     Gourm    .     b - +1 robe
rNeg   . . .     Faith    .     (shield restricted)
rPois  .         Spirit   .     (no helmet)
rElec  .         Reflect  .     p - +0 cloak {+Inv}
rCorr  .         Harm     .     (no gloves)
MR     .....                    n - +0 pair of boots
Stlth  +++.......               (no amulet)
                                (no ring)
                                (no ring)

@: brilliant
A: carnivore 3
a: Evoke Invisibility


You were on level 2 of the Dungeon.
You were very full.

You visited 1 branch of the dungeon, and saw 3 of its levels.

You collected 79 gold pieces.

Inventory:

Hand Weapons
 g - a +1 dagger of venom (weapon)
 o - a +2 long sword of holy wrath
Armour
 b - a +1 robe (worn)
 k - a +2 buckler
 n - a +0 pair of boots (worn)
 p - a +0 cloak of invisibility (worn)
 r - a +1 pair of gloves
Wands
 q - a wand of random effects (38/48)
Scrolls
 e - a scroll of recharging
Books
 c - a book of Maledictions

   Spells                             Type                      Level
   a - Corona                         Hexes                        1
   b - Ensorcelled Hibernation        Hexes/Ice                    2
   c - Confuse                        Hexes                        3
   d - Tukima's Dance                 Hexes                        3
   e - Dazzling Spray                 Conjuration/Hexes            3
Comestibles
 a - a chunk of flesh
 d - a meat ration
 h - a royal jelly


   Skills:
 - Level 6.0 Short Blades
 - Level 2.4 Dodging
 + Level 4.0 Stealth
 - Level 2.1 Spellcasting
 - Level 4.5 Hexes
 - Level 3.1 Ice Magic


You had 7 spell levels left.
You knew the following spells:

 Your Spells              Type           Power        Failure   Level  Hunger
a - Corona                Hex            ####...      1%          1    #......
b - Ensorcelled Hibernat  Hex/Ice        ####..       1%          2    ##.....


Dungeon Overview and Level Annotations

Branches:
Dungeon (3/15)

Altars:
Hepliaklqana
Trog
Zin

Annotations:
D:3 Nextonal's ghost, amateur HuWr


Innate Abilities, Weirdness & Mutations

You are small and have problems with some larger weapons.
You are carnivorous and can eat meat at any time.


Message History

Nextonal's ghost closely misses you. Nextonal's ghost hits you!
* * * LOW HITPOINT WARNING * * *
A kobold comes into view.
A hobgoblin comes into view. It is wielding a club.
The kobold misses you. The hobgoblin hits you with a club.
* * * LOW HITPOINT WARNING * * *
Nextonal's ghost says, "I was once a great warrior, and I still am!"
The kobold misses you.
Found a stone staircase leading up.
Nextonal's ghost's inner flame fades away.
There is a stone staircase leading up here.
The hobgoblin hits you but does no damage.
You climb upwards.
There is a stone staircase leading down here.
You hit the hobgoblin.
The hobgoblin is poisoned.
The hobgoblin is moderately wounded.
The hobgoblin hits you with a club.
You die...

#..# #.# #..# ###
#..# #..######
#.......####
#.####....P## ##
#.# #......####.
##.## ##......#..#
#@g.#####....#.###
#........#######
#...###### #####


You could see a hobgoblin.

Vanquished Creatures
  Sigmund (D:3)
  Crazy Yiuf (D:2)
  Jessica (D:2)
  A worker ant (D:2)
  Robin (D:2)
  A gnoll (D:2)
  4 adders (D:2)
  An ooze (D:1)
  6 worms (D:2)
  3 dart slugs (D:2)
  A leopard gecko (D:1)
  2 bats
  2 giant cockroaches (D:1)
  14 goblins
  7 hobgoblins
  8 jackals (D:1)
  3 kobolds
  A quokka (D:2)
  3 frilled lizards
  3 rats
64 creatures vanquished.

Notes
Turn   | Place    | Note
-------+----------+-------------------------------------------
     0 | D:1      | Drak the Kobold Enchanter began the quest for the Orb.
     0 | D:1      | Reached XP level 1. HP: 10/10 MP: 3/3
    49 | D:1      | Reached skill level 2 in Short Blades
   147 | D:1      | Reached XP level 2. HP: 14/15 MP: 5/5
   166 | D:1      | Learned a level 2 spell: Ensorcelled Hibernation
   198 | D:1      | Reached skill level 3 in Short Blades
   622 | D:1      | Reached XP level 3. HP: 2/19 MP: 2/6
  1164 | D:1      | Reached skill level 4 in Short Blades
  1990 | D:2      | Found a hazy altar of Hepliaklqana.
  2022 | D:2      | Reached skill level 1 in Ice Magic
  2042 | D:2      | Reached XP level 4. HP: 24/24 MP: 4/7
  2073 | D:2      | Noticed Jessica
  2125 | D:2      | Killed Jessica
  2312 | D:2      | Reached XP level 5. HP: 28/28 MP: 3/8
  2722 | D:2      | Noticed a moth of wrath
  2724 | D:2      | Found a bloodstained altar of Trog.
  3404 | D:2      | Noticed Robin
  3438 | D:2      | Killed Robin
  3448 | D:2      | Reached XP level 6. HP: 12/32 MP: 7/9
  3797 | D:2      | Found a runed door.
  3801 | D:2      | Noticed Crazy Yiuf
  3805 | D:2      | Killed Crazy Yiuf
  3813 | D:2      | Upgraded the game from 0.20-a0-229-gb08847c to 0.20-a0-264-gaba7314
  3832 | D:3      | Noticed Sigmund
  3837 | D:3      | Killed Sigmund
  3837 | D:3      | Reached skill level 6 in Short Blades
  3837 | D:3      | Reached XP level 7. HP: 36/36 MP: 8/10
  3849 | D:3      | Found a glowing silver altar of Zin.
  3874 | D:3      | Noticed Nextonal's ghost (amateur HuWr)
  3904 | D:3      | HP: 1/36 [hobgoblin/club (2)]
  3914 | D:2      | Slain by a hobgoblin

Vault maps used:
D:1:      sevenhm_arrival_forest_fort_large_4
D:2:      overflow_temple_1_default, first_bread, tgw_trog, uniq_jessica,
          uniq_robin, uniq_crazy_yiuf_cottage
D:3:      kennysheep_big_flooded_room,
          chequers_temple_overflow_statue_of_worship, old_standard_altar,
          chequers_ecumenical_altar_simple, uniq_sigmund, uniq_grinder

Skill      XL: |  1  2  3  4  5  6 |
---------------+-------------------+-----
Short Blades   | 2 3 4 6 |  6.0
Ice Magic      | 1 2 3 |  3.1
Hexes          | 4 |  4.5
Dodging        | |  2.4
Stealth        | |  4.0
Spellcasting   | |  2.1

Action                   |  1- 3 |  4- 6 |  7- 9 || total
-------------------------+-------+-------+-------++-------
Melee: Dagger            |   142 |   126 |     8 ||   276
 Cast: Corona            |     2 |       |       ||     2
       Ensorcelled Hiber |     8 |    24 |       ||    32
Evoke: Wand              |       |       |     3 ||     3
  Use: Potion            |       |     3 |     1 ||     4
       Scroll            |       |       |     5 ||     5
 Stab: Sleeping          |     9 |    14 |       ||    23
       Distracted        |     1 |     1 |       ||     2
  Eat: Chunk             |    10 |    10 |       ||    20
Armor: Robe              |    22 |    14 |     1 ||    37
Dodge: Dodged            |    91 |    74 |     6 ||   171
